 Seeded DCSS version 0.30-a0-718-geaa24f58ff (webtiles) character file.

Game seed: 15522570277298411448 (custom seed)

235 flotson the Sneak (level 5, 0/42 HPs)
             Began as a Demonspawn Delver on Jan 25, 2023.
             Slain by an ogre
             ... wielding a +0 giant club
              (22 damage)
             ... on level 4 of the Dungeon.
             The game lasted 00:06:02 (2064 turns).

flotson the Sneak (Demonspawn Delver)               Turns: 2064, Time: 00:06:02

Health: 0/42       AC:  8    Str: 22    XL:     5   Next: 76%
Magic:  5/5        EV: 12    Int: 12    God:
Gold:   154        SH:  0    Dex: 18    Spells: 4/4 levels left

rFire   + + .      SeeInvis +    b - +0 morningstar
rCold   . . .      Faith    .    (no shield)
rNeg    . . .      Spirit   .    v - +2 ring mail of Sin {Drain rF++ rCorr Dex+4}
rPois   .          Reflect  .    (no helmet)
rElec   .          Harm     .    (no cloak)
rCorr   +          Rampage  .    (no gloves)
Will    +....                    l - +0 pair of boots
Stlth   ++                       (no amulet)
HPRegen 0.27/turn                h - ring "Pischuila" {*Slow Fly Will+ rCorr Str+8}
MPRegen 0.09/turn                x - ring of see invisible

@: flying
A: demonic guardian 2
a: no special abilities


You were on level 4 of the Dungeon.
You visited 1 branch of the dungeon, and saw 5 of its levels.

You collected 154 gold pieces.

Inventory:

Hand Weapons
 a - a +0 hand axe of flaming
 b - a +0 morningstar (weapon)
Armour
 l - a +0 pair of boots (worn)
 v - the +2 ring mail of Sin (worn) {Drain rF++ rCorr Dex+4}
   (You found it on level 3 of the Dungeon)

   Dex:       It affects your dexterity (+4).
   rF:        It greatly protects you from fire.
   rCorr:     It protects you from acid and corrosion.
   Drain:     It drains your maximum health when unequipped.
Jewellery
 h - the ring "Pischuila" (left hand) {*Slow Fly Will+ rCorr Str+8}
   (You found it on level 3 of the Dungeon)

   [ring of flight]

   Str:       It affects your strength (+8).
   Fly:       It grants you flight.
   rCorr:     It protects you from acid and corrosion.
   *Slow:     It may slow you when you take damage.
   Will:      It increases your willpower.
 x - a ring of see invisible (right hand)
Wands
 g - a wand of digging (9)
Scrolls
 c - 3 scrolls of fog
 d - 2 scrolls of teleportation {unknown}
 e - a scroll of fear
 j - 2 scrolls of acquirement {unknown}
 k - 3 scrolls of identify {unknown}
 o - a scroll of blinking {unknown}
 p - a scroll of magic mapping
 r - 2 scrolls of immolation {unknown}
 w - a scroll of noise {unknown}
 y - a scroll of vulnerability {unknown}
 z - a scroll of poison {unknown}
Potions
 f - a potion of haste
 i - a potion of attraction {unknown}
 m - a potion of cancellation {unknown}
 n - a potion of resistance {unknown}
 q - a potion of flight {unknown}
 s - a potion of heal wounds {unknown}
 t - 2 potions of degeneration {unknown}
 u - a potion of curing {unknown}
 B - 2 potions of lignification {unknown}
 C - a potion of might {unknown}


   Skills:
 + Level 3.9 Fighting
 + Level 0.9(1.5) Axes
 - Level 2.0(2.1) Maces & Flails
 + Level 1.1 Throwing
 + Level 1.8 Armour
 + Level 2.7 Dodging
 - Level 5.0 Stealth
 + Level 2.1 Evocations


You had 4 spell levels left.
You didn't know any spells.
Your spell library was empty.

Dungeon Overview and Level Annotations

Branches:
Dungeon (5/15)
 Temple: D:4-7

Altars:
Uskayaw


Innate Abilities, Weirdness & Mutations

A demonic guardian rushes to your aid.


Message History

You puncture the orc!
You kill the orc!
The orc barely misses you.
You sock the orc!
You kill the orc!
No target in view!
Throw: 4 darts (poison)
Press: ? - help, Q - select action Shift-Dir - straight line, f - ogre
Aim: an ogre, wielding a +0 giant club (asleep, 98% to hit)
You throw a poisoned dart. The poisoned dart hits the ogre.
The ogre is poisoned.
Throw: 3 darts (poison)
Press: ? - help, Q - select action Shift-Dir - straight line, f/p - ogre
Aim: an ogre, wielding a +0 giant club (lightly wounded, poisoned, 76% to hit)
You throw a poisoned dart. The poisoned dart hits the ogre.
The ogre looks even sicker.
The ogre is lightly wounded.
Throw: 2 darts (poison)
Press: ? - help, Q - select action Shift-Dir - straight line, f/p - ogre
Aim: an ogre, wielding a +0 giant club (lightly wounded, very poisoned, 76% to hit)
You throw a poisoned dart. The poisoned dart hits the ogre.
The ogre looks even sicker.
The ogre is lightly wounded.
Throw: dart (poison)
Press: ? - help, Q - select action Shift-Dir - straight line, f/p - ogre
Aim: an ogre, wielding a +0 giant club (lightly wounded, very poisoned, 76% to hit)
You throw a poisoned dart. The poisoned dart hits the ogre.
The ogre is lightly wounded.
You barely miss the ogre.
The ogre is moderately wounded.
The ogre hits you with a +0 giant club!!
Ouch! That really hurt!
A demonic guardian appears!
You are too injured to fight recklessly!
You are too injured to fight recklessly!
You hit the ogre.
The ogre is severely wounded.
The ogre hits you with a +0 giant club!!
Ouch! That really hurt!
You die...

*,**,,*..,*##........,,,,,,,,,,
*,**,,*#.**#..#...#.##**,,,**,*
*,*#.,*#.* #.#.....(.#***,***,*
***,*#..*#.###.#..#...((***,*
*,*
,,,,,...##...........(..,,,,*
*,*
***,,.............#.....*****
#.# **##,...#...)..........#*
#.. ,,...!...........O4.#,**
*## ***#....#.#)....@?###,*
*****..,,,#.).....###.*
,,,,,,#.###..†........#
*****,#.).)....######## *
*,#####....# *****,* ##.#.#
,,,<,,* #.#.# *****,* #.#.# *
*,* #.#.#


You could see an ogre (very poisoned, ally target) and a friendly ice devil
(summoned).

Vanquished Creatures
  A scorpion (D:4)
  2 iguanas (D:4)
  3 adders
  2 dart slugs
  7 orcs (D:4)
  6 ball pythons
  6 endoplasms
  A giant cockroach (D:2)
  7 goblins
  2 jackals (D:4)
  7 bats
  3 frilled lizards
  3 kobolds
  3 rats (D:1)
53 creatures vanquished.

Vanquished Creatures (collateral kills)
  An orc priest (D:4)
  An adder (D:2)
  An orc (D:4)
  An endoplasm (D:2)
4 creatures vanquished.

Grand Total: 57 creatures vanquished

Notes
Turn   | Place    | Note
-------+----------+-------------------------------------------
     0 | D:5      | flotson the Demonspawn Delver began the quest for the Orb.
     0 | D:5      | Reached XP level 1. HP: 18/18 MP: 1/1
    37 | D:5      | Noticed an iguana
    56 | D:5      | Noticed a jelly
   189 | D:1      | Gained mutation: A weak demonic guardian rushes to your
                  | aid. [demonic ancestry]
   189 | D:1      | Reached XP level 2. HP: 24/24 MP: 2/2
   439 | D:1      | Found a faded altar of an unknown god.
   509 | D:2      | Found a hide-covered altar of Uskayaw.
   534 | D:2      | Gained mutation: A demonic guardian rushes to your aid.
                  | [demonic ancestry]
   534 | D:2      | Reached XP level 3. HP: 27/29 MP: 3/3
   588 | D:2      | Reached skill level 1 in Evocations
   686 | D:2      | Reached skill level 1 in Armour
  1284 | D:3      | Identified the ring "Pischuila" {*Slow Fly Will+ rCorr
                  | Str+8}
  1291 | D:3      | Reached XP level 4. HP: 33/35 MP: 4/4
  1292 | D:3      | Identified the +2 ring mail of Sin {Drain rF++ rCorr Dex+4}
  1694 | D:4      | HP: 1/35 [frozen (1)]
  1698 | D:4      | Reached XP level 5. HP: 2/41 MP: 5/5
  1872 | D:4      | Reached skill level 5 in Stealth
  1951 | D:4      | Noticed an ogre
  1965 | D:4      | Reached skill level 1 in Throwing
  2064 | D:4      | Slain by an ogre

Illustrated notes

Levels and vault maps discovered:
D:1:      saegor_arrival_simple_c, layout_rooms, chequers_ecumenical_altar_lobes
D:2:      cheibrodos_helix_gallery, layout_rooms, basic_altar, kennysheep_donut,
          minmay_misc_feat_iff
D:3:      layout_rooms
D:4:      layout_loops_ring
D:5:      layout_basic, serial_shops, shop, nrook_loot_triangle

Skill      XL: |  1  2  3  4  5 |
---------------+----------------+-----
Maces & Flails | 2 |  2.0
Dodging        | 2 |  2.7
Evocations     | 1 2 |  2.1
Armour         | 1 |  1.8
Stealth        | 5 |  5.0
Throwing       | 1 |  1.1
Fighting       | |  3.9
Axes           | |  0.9

Action                     |  1- 3 |  4- 6 || total
---------------------------+-------+-------++-------
  Melee: Hand axe          |    86 |    12 ||    98
         Morningstar       |       |    33 ||    33
  Throw: Dart              |       |     4 ||     4
    Use: Scroll            |     1 |       ||     1
   Stab: Sleeping          |     8 |     2 ||    10
 Armour: Ring mail         |    42 |    21 ||    63
  Dodge: Dodged            |    56 |    26 ||    82

Table legend: (Time is in decaauts)
 A = Elapsed time spent in this place.
 B = Non-inter-level travel time spent in this place.
 C = Inter-level travel time spent in this place.
 D = Time resting spent in this place.
 E = Time spent auto-exploring this place.
 F = Levels seen in this place.
 G = Mean time per level.
                   A        B        C        D        E       F      G
               +--------+--------+--------+--------+--------+-----+--------+
         Total |   2096 |   2012 |     84 |     49 |   1448 |   5 |  419.2 |
       Dungeon |   2096 |   2012 |     84 |     49 |   1448 |   5 |  419.2 |
               +--------+--------+--------+--------+--------+-----+--------+

Top non-repeatable levels by time:
     D:2: 622 daAuts
     D:4: 564 daAuts
     D:3: 465 daAuts
     D:1: 383 daAuts
     D:5: 60 daAuts
